 Dungeon Crawl Stone Soup version 0.24.0-1-gfbc8707122 (webtiles) character file.

Game seed: 4670849867906865108, levelgen mode: deterministic

5373 Aviak the Fighter (level 10, -4/90 HPs)
             Began as a Purple Draconian Conjurer on Oct 26, 2019.
             Slain by a manticore (9 damage)
             ... on level 8 of the Dungeon.
             The game lasted 00:27:40 (9280 turns).

Aviak the Fighter (Purple Draconian Conjurer)       Turns: 9280, Time: 00:27:41

Health: -4/90      AC: 14    Str: 10    XL:     10   Next: 39%
Magic:  16/22      EV: 13    Int: 17    God:
Gold:   583        SH:  2    Dex: 14    Spells: 11/25 levels left

rFire    . . .     SeeInvis .   g - +2 trident (venom)
rCold    . . .     Gourm    .   (no shield)
rNeg     . . .     Faith    .   (armour unavailable)
rPois    .         Spirit   .   (helmet restricted)
rElec    .         Reflect  +   n - +1 cloak
rCorr    .         Harm     .   (no gloves)
MR       ++...                  (no boots)
Stlth    ++........             m - +2 amulet of reflection
HPRegen  0.25/turn              M - ring of protection from magic
MPRegen  0.18/turn              A - +5 ring of protection

@: no status effects
A: breathe power, unfitting armour, cold-blooded, AC +7
a: Breathe Dispelling Energy


You were on level 8 of the Dungeon.
You were very hungry.

You visited 2 branches of the dungeon, and saw 9 of its levels.

You collected 583 gold pieces.

Inventory:

Hand Weapons
 g - a +2 trident of venom (weapon)
 k - a +0 dagger
 o - a +1 mace of holy wrath
Armour
 l - a scarf of spirit shield
 n - a +1 cloak (worn)
 s - a +0 buckler
Jewellery
 a - an uncursed ring of flight
 m - a +2 amulet of reflection (around neck)
 q - an uncursed ring of stealth
 v - a -3 ring of dexterity
 y - an uncursed ring of fire
 A - a +5 ring of protection (right hand)
 M - a ring of protection from magic (left hand)
Wands
 r - a wand of acid (9)
Scrolls
 c - a scroll of enchant weapon
 d - a scroll of amnesia
 e - 2 scrolls of immolation
 f - a scroll of summoning {unknown}
 h - a scroll of fog
 i - 2 scrolls of identify
 t - 4 scrolls of teleportation
 u - a scroll of magic mapping
 w - a scroll of enchant armour
Potions
 j - 2 potions of degeneration {!q!q}
 p - a potion of might
Comestibles
 b - 12 rations


   Skills:
 + Level 8.9 Fighting
 - Level 3.3 Dodging
 - Level 3.6 Stealth
 + Level 5.2 Shields
 - Level 8.0 Spellcasting
 - Level 8.0 Conjurations
 + Level 5.7 Hexes


You had 11 spell levels left.
You knew the following spells:

 Your Spells              Type           Power        Failure   Level  Hunger
a - Magic Dart            Conj           ####         1%          1    None
b - Searing Ray           Conj           ####..       1%          2    None
c - Iskenderun's Mystic   Conj           ####....     3%          4    ###....
d - Fulminant Prism       Conj/Hex       ####......   6%          4    ###....
e - Dazzling Spray        Conj/Hex       ####..       1%          3    #......

Your spell library contained the following spells:

 Spells                   Type           Power        Failure   Level  Hunger
 Force Lance              Conj/Tloc      ###.....     21%         4    ###....


Dungeon Overview and Level Annotations

Branches:
Dungeon (8/15)             Temple (1/1) D:6
   Lair: D:8-11

Altars:
Ashenzari
Cheibriados
Dithmenos
Elyvilon
Fedhas
Hepliaklqana
Kikubaaqudgha
Makhleb
Okawaru
Qazlal
Ru
Sif Muna
Trog
Uskayaw
Vehumet
Wu Jian
Xom
Yredelemnul
Zin
The Shining One


Innate Abilities, Weirdness & Mutations

You can breathe bolts of dispelling energy.
Your rich purple scales are hard. (AC +7)
You cannot fit into any form of body armour.
You are cold-blooded and may be slowed by cold attacks.


Message History

The searing ray hits the manticore!
The manticore is moderately wounded. (Press . to maintain the ray.)
The manticore bites you.
* * * LOW HITPOINT WARNING * * *
The manticore closely misses you. x2
The searing ray hits the manticore.
The manticore is heavily wounded.
A worker ant comes into view.
The manticore completely misses you. The manticore closely misses you.
The manticore claws you but does no damage.
Unknown command.
The searing ray hits the manticore.
The manticore is heavily wounded.
The manticore bites you!
* * * LOW HITPOINT WARNING * * *
The manticore claws you!
* * * LOW HITPOINT WARNING * * *
The manticore claws you!
You die...

#.......# #...#
##.>....# #...#
#......# ##'##
######## #.# #.#
##############.#
........(......#
################## ##
.###.###.###)###@###H#
#.#.#.#.#.#.#.#a#H#.#
##.###.###.###.###z#
#.#.#)#.#)#.#.#.#.#.#
ยง###.###.###.# #.#
#.#
#.#.#.#.#.#.#.#.#.#
#.# .#.###.###.# #.#
#.# #)#
#.#.#.#.#.#.#.#.# #.#
#%# .#.#.# #.# #.# #.#
#.# ##


You could see a manticore, a worker ant and a wight.

Vanquished Creatures
  A two-headed ogre (D:8)
  Psyche (D:8)
  Prince Ribbit (D:5)
  A hippogriff (D:8)
  Sigmund (D:5)
  2 hungry ghosts
  Eustachio (D:6)
  Edmund (D:5)
  2 ice beasts
  A black bear (D:8)
  3 orc warriors
  2 sky beasts
  3 phantoms
  7 ogres
  5 centaurs
  Blork the orc (D:5)
  A bullfrog (D:8)
  A gnoll sergeant (D:5)
  3 scorpions (D:5)
  A howler monkey (D:4)
  2 crimson imps
  4 hounds
  3 jellies
  Crazy Yiuf (D:2)
  An orc priest (D:7)
  7 orc wizards
  A centaur skeleton (D:7)
  3 iguanas
  6 worker ants
  5 adders
  7 gnolls
  A howler monkey skeleton (D:5)
  3 shadow imps
  An ooze (D:1)
  3 worms
  4 dart slugs
  7 leopard geckos
  25 orcs
  3 ball pythons
  12 bats
  4 giant cockroaches
  4 goblins
  7 hobgoblins
  13 jackals
  8 kobolds
  3 quokkas
  5 frilled lizards
  A jackal skeleton (D:7)
  7 rats
  A fungus (D:2)
191 creatures vanquished.

Notes
Turn   | Place    | Note
-------+----------+-------------------------------------------
     0 | D:1      | Aviak the Draconian Conjurer began the quest for the Orb.
     0 | D:1      | Reached XP level 1. HP: 14/14 MP: 3/3
   369 | D:1      | Reached XP level 2. HP: 20/20 MP: 1/5
   416 | D:1      | Learned a level 2 spell: Searing Ray
   716 | D:1      | Reached XP level 3. HP: 19/26 MP: 6/6
  1580 | D:2      | Reached XP level 4. HP: 9/33 MP: 0/8
  2445 | D:2      | Found a glowing golden altar of the Shining One.
  2698 | D:2      | Found a runed translucent door.
  2699 | D:2      | Noticed Crazy Yiuf
  2709 | D:2      | Killed Crazy Yiuf
  2709 | D:2      | Reached XP level 5. HP: 33/38 MP: 1/9
  2933 | D:3      | Noticed a hungry ghost
  2952 | D:3      | Killed a hungry ghost
  2952 | D:3      | Reached skill level 5 in Conjurations
  2952 | D:3      | Reached XP level 6. HP: 28/45 MP: 0/11
  2989 | D:3      | Learned a level 3 spell: Dazzling Spray
  2994 | D:3      | Learned a level 4 spell: Iskenderun's Mystic Blast
  3048 | D:3      | Found a basalt altar of Yredelemnul.
  3053 | D:3      | Found a radiant altar of Vehumet.
  3057 | D:3      | Found an iron altar of Okawaru.
  3057 | D:3      | Found a shadowy altar of Dithmenos.
  3057 | D:3      | Found a sacrificial altar of Ru.
  3057 | D:3      | Found a stormy altar of Qazlal.
  3058 | D:3      | Found an ancient bone altar of Kikubaaqudgha.
  3060 | D:3      | Found a shattered altar of Ashenzari.
  3068 | D:3      | Found a burning altar of Makhleb.
  3349 | D:3      | Reached skill level 1 in Fighting
  4313 | D:4      | Your scales start taking on a rich purple colour.
  4313 | D:4      | Reached XP level 7. HP: 30/55 MP: 7/14
  4389 | D:4      | Reached skill level 5 in Spellcasting
  4926 | D:5      | Entered Level 5 of the Dungeon
  4940 | D:5      | Noticed Prince Ribbit
  4955 | D:5      | Killed Prince Ribbit
  5150 | D:5      | Reached XP level 8. HP: 40/66 MP: 3/16
  5358 | D:5      | Noticed Edmund
  5390 | D:5      | Killed Edmund
  5418 | D:5      | Reached skill level 5 in Fighting
  5711 | D:5      | Noticed Blork the orc
  5715 | D:5      | Noticed Sigmund
  5719 | D:5      | Killed Blork the orc
  5732 | D:5      | Killed Sigmund
  5944 | D:5      | Reached XP level 9. HP: 73/75 MP: 11/20
  6546 | D:6      | Learned a level 4 spell: Fulminant Prism
  6645 | D:6      | Reached skill level 1 in Hexes
  6891 | D:6      | Found a glowing silver altar of Zin.
  7005 | D:6      | Reached skill level 1 in Shields
  7024 | D:6      | Noticed Eustachio
  7046 | D:6      | Killed Eustachio
  7254 | D:6      | Found a staircase to the Ecumenical Temple.
  7283 | Temple   | Entered the Ecumenical Temple
  7749 | D:7      | HP: 1/79 [orc priest/divine providence (12)]
  8729 | D:8      | Reached XP level 10. HP: 64/88 MP: 18/22
  8764 | D:8      | Noticed Psyche
  8787 | D:8      | Killed Psyche
  9166 | D:8      | Reached skill level 5 in Hexes
  9182 | D:8      | Noticed a two-headed ogre
  9196 | D:8      | Killed a two-headed ogre
  9196 | D:8      | Reached skill level 5 in Shields
  9270 | D:8      | Noticed a manticore
  9280 | D:8      | Slain by a manticore

Levels and vault maps discovered:
D:1:      dpeg_arrival_signposts, layout_basic, patterned_corridor
D:2:      layout_rooms, tso_altar, uniq_crazy_yiuf_cottage
D:3:      layout_loops_ring, minitemple
D:4:      layout_basic, first_ration
D:5:      layout_basic, uniq_prince_ribbit1, uniq_edmund, uniq_sigmund,
          uniq_blork_the_orc
D:6:      layout_cave_pods, lemuel_crystal_altar,
          minmay_temple_entry_drinking_statues, minmay_strange_pillars,
          uniq_eustachio
D:7:      layout_gridville
D:8:      minmay_imperfect_grid, layout_basic, uniq_psyche
Temple:   compressed_dpeg_triangle_lava_temple

Skill      XL: |  1  2  3  4  5  6  7  8  9 10 |
---------------+-------------------------------+-----
Stealth        | 2 3 |  3.6
Dodging        | 2 3 |  3.3
Spellcasting   | 3 4 5 7 8 |  8.0
Conjurations   | 5 6 7 8 |  8.0
Fighting       | 2 4 6 8 |  8.9
Hexes          | 4 5 |  5.7
Shields        | 3 5 |  5.2

Action                   |  1- 3 |  4- 6 |  7- 9 | 10-12 || total
-------------------------+-------+-------+-------+-------++-------
Melee: Unarmed           |     8 |       |       |       ||     8
       Tailslap          |    14 |    25 |    24 |     3 ||    66
       Dagger            |    65 |   185 |       |       ||   250
       Mace              |       |    76 |     6 |       ||    82
       Trident           |       |       |   220 |    54 ||   274
 Cast: Magic Dart        |    22 |    31 |     4 |       ||    57
       Searing Ray       |     3 |    15 |    32 |     9 ||    59
       Dazzling Spray    |       |       |    20 |     1 ||    21
       Iskenderun's Myst |       |       |     4 |       ||     4
 Abil: Breathe Dispellin |       |       |     6 |     1 ||     7
  Use: Potion            |     1 |     1 |     5 |     1 ||     8
       Scroll            |       |       |    18 |       ||    18
 Stab: Sleeping          |     3 |    11 |     3 |     2 ||    19
       Invisible         |       |       |     5 |       ||     5
       Distracted        |       |       |     1 |       ||     1
  Eat: Chunk             |     2 |    12 |    17 |     1 ||    32
       Ration            |       |       |     4 |       ||     4
Armor: Skin              |    31 |   106 |   161 |    21 ||   319
Dodge: Dodged            |    95 |   199 |   269 |    45 ||   608
Block: Other             |       |       |     5 |     6 ||    11
